 Dungeon Crawl Stone Soup version 0.28-a0-628-g3c9886e45e (webtiles) character file.

Game seed: 17497536317409465173

14243 demibob the Spear-Bearer (level 11, -3/76 HPs)
             Began as a Demonspawn Abyssal Knight on Oct 9, 2021.
             Was a High Priest of Lugonu.
             Killed from afar by a lindwurm (23 damage)
             ... with a blast of flame
             ... on level 3 of the Lair of Beasts.
             The game lasted 00:41:09 (12927 turns).

demibob the Spear-Bearer (DsAK)                    Turns: 12927, Time: 00:41:10

Health: -3/76      AC: 14    Str: 14    XL:     11   Next: 86%
Magic:  17/17      EV: 18    Int: 14    God:    Lugonu [*****.]
Gold:   615        SH:  5    Dex: 17    Spells: 10/10 levels left

rFire   . . .      SeeInvis .   a - +2 spear (flame)
rCold   . . .      Faith    .   t - +0 buckler
rNeg    + . .      Spirit   .   C - +0 acid dragon scales
rPois   .          Reflect  .   B - +2 helmet of Soanyill {rN+ Int+3 Stlth+}
rElec   .          Harm     .   x - +0 cloak
rCorr   +          Rampage  .   q - +0 pair of gloves
Will    .....                   (no boots)
Stlth   ++........              n - amulet of regeneration
HPRegen 1.22/turn               E - +4 ring of evasion
MPRegen 0.15/turn               (no ring)

@: mighty
A: hooves 1, repulsion field 2, powered by death 2, spiny 1
a: Renounce Religion, Depart the Abyss, Bend Space, Banish, Corrupt, Enter the
Abyss


You were on level 3 of the Lair of Beasts.
You worshipped Lugonu.
Lugonu was extremely pleased with you.
You visited 2 branches of the dungeon, and saw 15 of its levels.
You visited the Abyss 1 time.

You collected 1021 gold pieces.
You spent 406 gold pieces at shops.


Innate Abilities, Weirdness & Mutations

You have large cloven feet.
You are surrounded by a moderate repulsion field. (EV +3)
You regenerate health from kills.
You are partially covered in sharp spines.


   Skills:
 + Level 3.8 Fighting
 - Level 13.9 Polearms
 + Level 8.3 Armour
 - Level 0.8 Dodging
 - Level 4.0 Shields
 - Level 8.8 Invocations


You had 10 spell levels left.
You didn't know any spells.
Your spell library contained the following spells:

 Spells                   Type           Power      Damage    Failure   Level
 Shock                    Conj/Air       0%         1d3       36%         1
 Ensorcelled Hibernation  Hex/Ice        0%         N/A       50%         2
 Spider Form              Tmut/Pois      0%         N/A       75%         3
 Swiftness                Air            0%         N/A       75%         3
 Airstrike                Air            0%         N/A       98%         4

Inventory:

Hand Weapons
 a - a +2 spear of flaming (weapon)
Missiles
 c - 2 curare-tipped darts (quivered) {=f}
Armour
 q - a +0 pair of gloves (worn)
 t - a +0 buckler (worn)
 x - a +0 cloak (worn)
 B - the +2 helmet of Soanyill (worn) {rN+ Int+3 Stlth+}
   (You bought it in a shop on level 7 of the Dungeon)

   Int:       It affects your intelligence (+3).
   rN:        It protects you from negative energy.
   Stlth:     It makes you more stealthy.
 C - +0 acid dragon scales (worn)
Jewellery
 e - an amulet of guardian spirit
 n - an amulet of regeneration (around neck)
 E - a +4 ring of evasion (left hand)
Wands
 d - a wand of paralysis (6)
 h - a wand of digging (1)
 m - a wand of acid (2)
 o - a wand of mindburst (13)
 w - a wand of flame (33)
Scrolls
 g - 3 scrolls of identify {@r1}
 i - 2 scrolls of enchant weapon
 v - a scroll of brand weapon
 y - 4 scrolls of teleportation {@r2}
 A - a scroll of fog
Potions
 f - a potion of lignification
 j - 2 potions of magic
 k - a potion of haste {@q3}
 l - a potion of brilliance
 p - a potion of flight
 r - a potion of cancellation
 u - 4 potions of curing {@q1}
 z - 2 potions of heal wounds {@q2}

Dungeon Overview and Level Annotations

Branches:
Dungeon (12/15)            Temple (0/1) D:6            Lair (3/6) D:11
 Spider (0/4) Lair:3          Orc (0/2) D:10
  Swamp: Lair:2-4    Shoals: Lair:2-4

Altars:
Ashenzari
Cheibriados
Dithmenos
Elyvilon
Hepliaklqana
Nemelex Xobeh
Qazlal
Trog
Wu Jian
Xom
Yredelemnul
Zin

Shops:
D:4 !   D:5 !   D:7 *

Portals:
Trove: D:10 (give 13 potions of heal wounds)

Annotations:
D:3 2 runed translucent doors, Hades's ghost, amateur DsFi
D:9 exclusion: ice dragon
D:11 exclusion: 2 doors

........^#####.##.#.#..#####
.......#...###.P#..........#
...^^..°...##..##..........###
..^^.......###.#..≈P.......#.#
...^^^. #...#..##.≈≈≈≈≈▒P...#
.^^...# #..#.Bk#..▒≈≈≈≈P....#
>..^^.###......##.▒≈≈≈≈†P...#
.^.....##..........≈≈≈≈≈...##
.^^.............@..▒P≈≈▒...P##
^^.^^........................#
............................##
.^^.............P...........#
...............#............#
...........................##
............b.#.............#
..............##...........##
............#.#............#


You could see a boulder beetle and a lindwurm (catching breath).


Message History

You hit the lindwurm. You burn the lindwurm.
You kick the lindwurm, but do no damage.
The lindwurm is lightly wounded.
You block the lindwurm's attack. The lindwurm claws you.
The lindwurm claws you but does no damage.
You puncture the lindwurm! You burn the lindwurm.
The lindwurm is moderately wounded.
You puncture the lindwurm! You burn the lindwurm. You kick the lindwurm!
The lindwurm is severely wounded.
The lindwurm closely misses you. x2; The lindwurm completely misses you.
You hit the lindwurm. You burn the lindwurm.
You kick the lindwurm, but do no damage.
The lindwurm is severely wounded.
You closely miss the lindwurm. You kick the lindwurm.
The lindwurm is almost dead.
The lindwurm is struck by your spines. The lindwurm misses you.
The lindwurm claws you. The lindwurm misses you. The boulder beetle hits you!!
* * * LOW HITPOINT WARNING * * *
The boulder beetle stops rolling and uncurls.
You are too injured to fight recklessly!
You hit the boulder beetle but do no damage.
You kick the boulder beetle.
The boulder beetle is lightly wounded.
Blink to where?
Press: ? - help, Dir - move target, p - lindwurm
As you read the scroll of blinking, it crumbles to dust.
The lindwurm breathes flames at you. The blast of flame hits you!!
You die...

Skill      XL: |  1  2  3  4  5  6  7  8  9 10 11 |
---------------+----------------------------------+-----
Polearms       | 2 3 4 5 6 7 9 11 12 13 | 13.9
Invocations    | 3 6 8 |  8.8
Shields        | 3 4 |  4.0
Armour         | 5 8 |  8.3
Fighting       | |  3.8
Dodging        | |  0.8

Action                   |  1- 3 |  4- 6 |  7- 9 | 10-12 || total
-------------------------+-------+-------+-------+-------++-------
Melee: Spear             |   119 |   297 |   431 |   535 ||  1382
       Kick              |       |       |    42 |   150 ||   192
Throw: Dart              |       |       |     1 |     1 ||     2
Invok: Banish            |       |       |       |     3 ||     3
Evoke: Wand              |       |     7 |    16 |    19 ||    42
  Use: Potion            |     3 |     4 |     2 |     3 ||    12
       Scroll            |     3 |     1 |    11 |     4 ||    19
 Stab: Sleeping          |     1 |     1 |     1 |     4 ||     7
       Distracted        |       |     2 |       |     1 ||     3
       Paralysed         |       |       |       |     8 ||     8
Armor: Leather armour    |    16 |    32 |    31 |     7 ||    86
       Skin              |    11 |       |       |       ||    11
       Acid dragon scale |       |       |       |    69 ||    69
Dodge: Dodged            |    39 |   120 |   204 |   235 ||   598
Block: Buckler           |       |       |    11 |    96 ||   107

Levels and vault maps discovered:
D:1:      matt_arrival_los_fun, layout_loops_corners
D:2:      layout_rooms
D:3:      kennysheep_goblin_castle, layout_basic,
          mainiacjoe_overflow_cross_hatched, led_xom_imps,
          ebering_ghost_sewer_f, palyth_stone_intersect, uniq_natasha
D:4:      layout_basic, cheibrodos_worm_habitat, evilmike_ruin_ashenzari,
          serial_shops, kennysheep_little_box
D:5:      layout_cave_pools, nzn_hepliaklqana_mist_gate, serial_shops, shop
D:6:      layout_cave_pools, zin_angel, mainiacjoe_overflow_six_doors_small,
          minmay_temple_entry_stoned_glass
D:7:      layout_basic, mainiacjoe_overflow_tiny_flanked, serial_shops,
          nicolae_shop_statue_plus, kennysheep_generic_room_12
D:8:      layout_basic, kennysheep_mini_moat,
          eino_small_chamber_without_monster, serial_park_tiny_2,
          chequers_serial_rivers_large_b, minmay_misc_feat_x, nzn_random_ring
D:9:      dragon1_lemuel, layout_cave_pools, lemuel_zombie_altar_yredelemnul,
          lemuel_doored_altar
D:10:     layout_roguey, elyvilon_altar_4, david_orc_3, enter_trove_6,
          st_stairs_3, minivault_7, uniq_joseph
D:11:     layout_irregular_city, lair_entry_dummy
D:12:     layout_long_grid
Lair:1:   layout_misc_corridors, uniq_fannar
Lair:2:   layout_chaotic_city, minmay_shoals_entry_hut, worms_lemuel,
          uniq_maggie
Lair:3:   layout_gridlike, spider_nest_entry_web_field, columned_hall_lemuel,
          infiniplex_staircase_pool_2, lemuel_fruit_fields,
          serial_bayou_shore_b, uniq_snorg, uniq_gastronok

Notes
Turn   | Place    | Note
-------+----------+-------------------------------------------
     0 | Abyss:1  | demibob the Demonspawn Abyssal Knight began the quest for
                  | the Orb.
     0 | Abyss:1  | Reached XP level 1. HP: 18/18 MP: 2/2
    12 | D:1      | You pass through the gate.
    12 | D:1      | Escaped the Abyss
   140 | D:1      | Reached skill level 2 in Polearms
   333 | D:1      | Gained mutation: You are surrounded by a mild repulsion
                  | field. (EV +2) [demonic ancestry]
   333 | D:1      | Reached XP level 2. HP: 23/24 MP: 3/3
   703 | D:1      | Reached ** piety under Lugonu
   704 | D:1      | Reached skill level 3 in Polearms
   714 | D:1      | Reached XP level 3. HP: 3/29 MP: 4/4
  1815 | D:2      | Reached skill level 4 in Polearms
  1815 | D:2      | Gained mutation: You are surrounded by a moderate repulsion
                  | field. (EV +3) [demonic ancestry]
  1815 | D:2      | Reached XP level 4. HP: 19/35 MP: 5/5
  2927 | D:3      | Noticed Ijyb
  2971 | D:3      | Killed Ijyb
  3347 | D:3      | Noticed Natasha
  3349 | D:3      | Found a runed translucent door.
  3377 | D:3      | Gained mutation: You are partially covered in sharp spines.
                  | [demonic ancestry]
  3377 | D:3      | Reached XP level 5. HP: 34/41 MP: 6/6
  3379 | D:3      | Killed Natasha
  3380 | D:3      | Reached skill level 5 in Polearms
  3430 | D:3      | Found a shimmering altar of Xom.
  3536 | D:3      | Noticed Hades's ghost (amateur DsFi)
  3661 | D:3      | Noticed Natasha
  3664 | D:3      | Killed Natasha
  3665 | D:3      | Reached XP level 6. HP: 36/47 MP: 7/7
  3690 | D:3      | Reached skill level 6 in Polearms
  4201 | D:3      | Found a runed translucent door.
  4216 | D:3      | Reached *** piety under Lugonu
  4226 | D:3      | Found a stormy altar of Qazlal.
  4524 | D:4      | HP: 1/47 [iguana (10)]
  4641 | D:3      | Noticed Natasha
  4643 | D:3      | Killed Natasha
  4957 | D:4      | Found a broken altar of Ashenzari.
  5125 | D:4      | Reached skill level 3 in Invocations
  5158 | D:4      | Found Vylodoat's Distillery.
  5165 | D:4      | Bought a potion of haste for 140 gold pieces
  5401 | D:4      | Gained mutation: You regenerate a little health from kills.
                  | [demonic ancestry]
  5401 | D:4      | Reached XP level 7. HP: 26/52 MP: 9/9
  5667 | D:4      | Found a snail-covered altar of Cheibriados.
  5943 | D:5      | Entered Level 5 of the Dungeon
  6007 | D:5      | Reached skill level 7 in Polearms
  6007 | D:5      | Reached skill level 4 in Invocations
  6104 | D:5      | Found Mauducy's Distillery.
  6149 | D:5      | Reached skill level 5 in Invocations
  6261 | D:5      | Noticed a steam dragon
  6278 | D:5      | Killed a steam dragon
  6279 | D:5      | Reached skill level 6 in Invocations
  6279 | D:5      | Reached XP level 8. HP: 31/58 MP: 12/12
  6626 | D:5      | Found a hazy altar of Hepliaklqana.
  6664 | D:6      | Reached skill level 8 in Polearms
  6681 | D:6      | Reached skill level 7 in Invocations
  6717 | D:6      | Reached **** piety under Lugonu
  6801 | D:6      | Found a shadowy altar of Dithmenos.
  7118 | D:6      | Reached skill level 8 in Invocations
  7237 | D:6      | Found a staircase to the Ecumenical Temple.
  7439 | D:6      | Noticed an angel
  7531 | D:7      | Found Mohaul's Assorted Antiques.
  7600 | D:7      | Reached skill level 9 in Polearms
  7671 | D:7      | Gained mutation: You have large cloven feet. [demonic
                  | ancestry]
  7671 | D:7      | Reached XP level 9. HP: 63/63 MP: 15/15
  8009 | D:7      | Found a bloodstained altar of Trog.
  8146 | D:7      | You fall into a shaft and drop 3 floors!
  8146 | D:10     | Entered Level 10 of the Dungeon
  8150 | D:10     | Reached skill level 10 in Polearms
  8195 | D:10     | Noticed a white ugly thing
  8214 | D:10     | Noticed Joseph
  8232 | D:10     | Killed Joseph
  8233 | D:10     | Reached skill level 2 in Shields
  8247 | D:9      | Noticed a seven-headed hydra
  8445 | D:7      | Reached skill level 11 in Polearms
  8876 | D:8      | Reached skill level 3 in Shields
  9425 | D:8      | Found an ornate altar of the Wu Jian Council.
  9844 | D:8      | Reached XP level 10. HP: 70/70 MP: 16/16
  9863 | D:7      | Bought an ichor-stained helmet for 266 gold pieces
  9863 | D:7      | Identified the +2 helmet of Soanyill {rN+ Int+3 Stlth+}
                  | (You bought it in a shop on level 7 of the Dungeon)
 10066 | D:9      | Found a basalt altar of Yredelemnul.
 10110 | D:9      | Noticed a two-headed ogre
 10131 | D:9      | Killed a two-headed ogre
 10132 | D:9      | Reached skill level 4 in Shields
 10176 | D:9      | >>cry
 10185 | D:9      | Killed a seven-headed hydra
 10186 | D:9      | Reached skill level 12 in Polearms
 10186 | D:9      | Reached skill level 2 in Armour
 10303 | D:9      | Reached skill level 3 in Armour
 10337 | D:9      | Found a sparkling altar of Nemelex Xobeh.
 10457 | D:9      | Noticed a two-headed ogre
 10473 | D:9      | Killed a two-headed ogre
 10536 | D:9      | Reached skill level 4 in Armour
 10581 | D:9      | Noticed an ice dragon
 10582 | D:9      | >>oh
 10582 | D:9      | >>no plx
 10717 | D:10     | Found a portal to a secret trove of treasure.
 10730 | D:10     | Noticed a two-headed ogre
 10741 | D:10     | Killed a two-headed ogre
 10784 | D:10     | Reached skill level 5 in Armour
 10837 | D:10     | Found a staircase to the Orcish Mines.
 10975 | D:10     | Gained mutation: You regenerate health from kills. [demonic
                  | ancestry]
 10975 | D:10     | Reached XP level 11. HP: 75/75 MP: 17/17
 10986 | D:10     | Killed a white ugly thing
 10993 | D:10     | Reached skill level 13 in Polearms
 11035 | D:10     | Reached skill level 6 in Armour
 11183 | D:10     | Reached ***** piety under Lugonu
 11537 | D:11     | Noticed a two-headed ogre
 11625 | D:11     | Reached skill level 7 in Armour
 11757 | D:11     | Found a staircase to the Lair.
 12059 | D:11     | Noticed a four-headed hydra
 12199 | D:12     | Noticed a purple ugly thing
 12225 | Lair:1   | Entered Level 1 of the Lair of Beasts
 12339 | Lair:1   | Noticed a death yak
 12340 | Lair:1   | >>why
 12580 | Lair:2   | Noticed Maggie
 12581 | Lair:2   | >>okay
 12594 | Lair:2   | Killed Maggie
 12595 | Lair:2   | Reached skill level 8 in Armour
 12661 | Lair:2   | Noticed a six-headed hydra
 12783 | Lair:3   | Found a hole to the Spider Nest.
 12787 | Lair:3   | Noticed a lindwurm
 12908 | Lair:3   | Noticed a boulder beetle
 12927 | Lair:3   | Killed from afar by a lindwurm

Vanquished Creatures
  A hydra (D:9)
  3 two-headed ogres
  An ugly thing (D:10)
  A cyclops (D:11)
  Joseph (D:10)
  Maggie (Lair:2)
  A kobold demonologist (D:10)
  2 cane toads
  2 komodo dragons
  A rime drake (Lair:3)
  A queen bee (D:10)
  A troll (D:11)
  A wyvern (Lair:2)
  5 yaks (D:10)
  A shadow (D:9)
  A basilisk (Lair:1)
  A wraith (D:10)
  2 steam dragons
  4 vampire mosquitoes (D:11)
  A warg (D:10)
  An acid dragon (D:10)
  5 water moccasins
  6 orc warriors
  2 sky beasts
  An ice beast (D:7)
  A necrophage (D:7)
  3 boggarts (D:11)
  An ogre (D:6)
  12 centaurs
  3 kobold brigands
  A gnoll sergeant (D:10)
  4 bullfrogs
  2 scorpions
  2 wyvern zombies
  A wyvern skeleton (D:5)
  17 killer bees (D:10)
  3 wights (D:9)
  4 howler monkeys
  3 crimson imps (D:3)
  A bullfrog zombie (D:6)
  4 centaur zombies
  7 orc priests
  3 centaur skeletons
  2 hounds
  A jelly (D:4)
  Ijyb (D:3)
  3 iguanas
  9 orc wizards
  Natasha (thrice) (D:3)
  2 killer bee zombies
  A howler monkey zombie (D:8)
  A gnoll (D:1)
  4 adders
  A shadow imp (D:6)
  6 white imps
  2 ufetubi
  An adder skeleton (D:4)
  4 worms
  3 dart slugs
  25 orcs
  6 endoplasms
  4 giant cockroaches
  13 goblins
  8 hobgoblins
  10 jackals
  2 quokkas (D:1)
  8 ball pythons
  4 bats
  3 frilled lizards
  23 kobolds
  3 rats
272 creatures vanquished.

Vanquished Creatures (others)
  4 fungi
  8 plants
12 creatures vanquished.

Grand Total: 284 creatures vanquished

Table legend: (Time is in decaauts)
 A = Elapsed time spent in this place.
 B = Non-inter-level travel time spent in this place.
 C = Inter-level travel time spent in this place.
 D = Time resting spent in this place.
 E = Time spent auto-exploring this place.
 F = Levels seen in this place.
 G = Mean time per level.
                   A        B        C        D        E       F      G
               +--------+--------+--------+--------+--------+-----+--------+
         Total |  12526 |  12055 |    471 |   2523 |   6960 |  16 |  782.9 |
       Dungeon |  11866 |  11419 |    447 |   2471 |   6701 |  12 |  988.8 |
          Lair |    648 |    625 |     23 |     52 |    259 |   3 |  216.0 |
         Abyss |     12 |     12 |      0 |      0 |      0 |   1 |   12.0 |
               +--------+--------+--------+--------+--------+-----+--------+

Top non-repeatable levels by time:
     D:3: 2325 daAuts
     D:1: 1423 daAuts
     D:8: 1200 daAuts
     D:4: 1157 daAuts
     D:7: 1086 daAuts
     D:2: 973 daAuts
     D:6: 796 daAuts
    D:11: 776 daAuts
     D:9: 749 daAuts
     D:5: 688 daAuts
    D:10: 688 daAuts
  Lair:2: 330 daAuts
  Lair:3: 193 daAuts
  Lair:1: 123 daAuts
 Abyss:1: 12 daAuts

Table legend:
 A = Non-vault XP
 B = Vault XP
 C = Vault XP percentage of total XP
 D = Non-vault monster count
 E = Vault monster count
 F = Vault count percentage of total count
                 A         B        C        D         E       F
            +---------+---------+-------+---------+---------+-------
      Total |   16681 |    3667 |  18.0 |     227 |      45 |  16.5
            +---------+---------+-------+---------+---------+-------
        D:1 |      62 |       0 |   0.0 |      29 |       0 |   0.0
        D:2 |      52 |       0 |   0.0 |      13 |       0 |   0.0
        D:3 |     256 |     243 |  48.7 |      23 |      16 |  41.0
        D:4 |     143 |       5 |   3.4 |      19 |       1 |   5.0
        D:5 |     826 |       0 |   0.0 |      15 |       0 |   0.0
        D:6 |     726 |       0 |   0.0 |      14 |       0 |   0.0
        D:7 |    1382 |       0 |   0.0 |      26 |       0 |   0.0
        D:8 |     430 |       0 |   0.0 |      11 |       0 |   0.0
        D:9 |    3176 |     128 |   3.9 |      10 |       2 |  16.7
       D:10 |    3897 |    2867 |  42.4 |      33 |      25 |  43.1
       D:11 |    3173 |       0 |   0.0 |      25 |       0 |   0.0
     Lair:1 |     588 |       0 |   0.0 |       2 |       0 |   0.0
     Lair:2 |     689 |     424 |  38.1 |       3 |       1 |  25.0
     Lair:3 |    1281 |       0 |   0.0 |       4 |       0 |   0.0
            +---------+---------+-------+---------+---------+-------
